 Dungeon Crawl Stone Soup version 0.28.0-53-g5a82cb258f (console) character file.

Game seed: 17799335174703659688

83416 erker the Thaumaturge (level 15, -21/116 HPs)
             Began as a Gnoll Earth Elementalist on June 24, 2022.
             Was the Champion of Cheibriados.
             Demolished by a naga warrior
             ... wielding a +0 dire flail
              (27 damage)
             ... on level 3 of the Snake Pit on June 25, 2022.
             The game lasted 01:42:44 (24316 turns).

erker the Thaumaturge (Gnoll Earth Elementalist)   Turns: 24316, Time: 01:42:45

Health: -21/116    AC: 18    Str: 24    XL:     15   Next: 77%
Magic:  0/35       EV: 25    Int: 32    God:    Cheibriados [******]
Gold:   1577       SH:  0    Dex: 31    Spells: 6/37 levels left

rFire   . . .      SeeInvis .   a - +2 dagger (protect)
rCold   . . .      Faith    .   F - orb {light}
rNeg    . . .      Spirit   +   Y - +4 moon troll leather armour {Spirit, Regen++ MP+5}
rPois   +          Reflect  .   c - +2 helmet
rElec   .          Harm     .   y - +2 cloak
rCorr   .          Rampage  .   T - +0 pair of gloves
Will    +....                   (no boots)
Stlth   ++........              p - amulet "Hanearghah" {RegenMP +Blink Regen+ Int-4 Dex+4}
HPRegen 2.69/turn               J - +4 ring of evasion
MPRegen 0.64/turn               P - ring of poison resistance

@: slowed, glowing, constricted, very slow
A: fangs 1, strong nose, distributed training
a: Renounce Religion, Evoke Blink, Bend Time, Temporal Distortion, Slouch, Step
From Time


You were on level 3 of the Snake Pit.
You worshipped Cheibriados.
Cheibriados was exalted by your worship.
You visited 5 branches of the dungeon, and saw 22 of its levels.
You also visited: Bailey.

You collected 2901 gold pieces.
You spent 1324 gold pieces at shops.

Inventory:

Hand Weapons
 a - a +2 dagger of protection (weapon)
 b - a +4 flail of protection
 X - the +6 flail of Destraor {venom, rF+ SInv}
   (You bought it in a shop on level 2 of the Orcish Mines)

   It poisons the flesh of those it strikes.
   rF:        It protects you from fire.
   SInv:      It lets you see invisible.
Missiles
 i - 50 poisoned darts
 A - 3 atropa-tipped darts
 D - 3 javelins
 E - 2 silver boomerangs (quivered)
 I - 365 arrows
 L - 375 bolts
 R - 477 stones
 Z - 7 throwing nets
Armour
 c - a +2 helmet (worn)
 u - a +0 kite shield of reflection
 y - a +2 cloak (worn)
 F - an orb of light (worn)
 T - a +0 pair of gloves (worn)
 Y - the +4 moon troll leather armour (worn) {Spirit, Regen++ MP+5}
   (You found it in a bailey)

   MP:        It affects your magic capacity (+5).
   Regen:     It increases your rate of health regeneration.
Magical Staves
 C - a staff of earth
Jewellery
 e - an amulet of reflection
 j - a ring of ice
 l - a ring of magical power
 m - a ring of flight
 p - the amulet "Hanearghah" (around neck) {RegenMP +Blink Regen+ Int-4 Dex+4}
   (You found it on level 1 of the Lair of Beasts)

   [amulet of magic regeneration]

   It increases your rate of magic regeneration.
   Int:       It affects your intelligence (-4).
   Dex:       It affects your dexterity (+4).
   +Blink:    It lets you blink.
   Regen:     It increases your rate of health regeneration.
 q - an amulet of guardian spirit
 z - a ring of protection from fire
 J - a +4 ring of evasion (left hand)
 P - a ring of poison resistance (right hand)
Wands
 K - a wand of mindburst (8)
 M - a wand of iceblast (21)
 N - a wand of acid (3)
 O - a wand of polymorph (10)
Scrolls
 d - a scroll of acquirement
 h - a scroll of magic mapping
 k - a scroll of blinking
 o - 4 scrolls of teleportation
 s - 2 scrolls of identify
 v - 2 scrolls of vulnerability
 x - 3 scrolls of summoning
Potions
 f - 6 potions of heal wounds
 g - 2 potions of haste {unknown}
 n - a potion of ambrosia {unknown}
 r - 4 potions of flight {unknown}
 Q - 6 potions of curing
 V - a potion of attraction
Miscellaneous
 t - a phantom mirror
 w - a tin of tremorstones (2/2)


   Skills:
 + Level 10.3 Fighting
 + Level 10.3 Short Blades
 + Level 10.3 Long Blades
 + Level 10.3 Axes
 + Level 10.3 Maces & Flails
 + Level 10.3 Polearms
 + Level 10.3 Staves
 + Level 10.3 Slings
 + Level 10.3 Bows
 + Level 10.3 Crossbows
 + Level 10.3 Throwing
 + Level 10.3 Armour
 + Level 11.3 Dodging
 + Level 11.2 Stealth
 + Level 10.3 Shields
 + Level 10.3 Unarmed Combat
 + Level 11.5 Spellcasting
 + Level 8.7 Conjurations
 + Level 8.7 Hexes
 + Level 8.7 Summonings
 + Level 8.7 Necromancy
 + Level 8.7 Translocations
 + Level 9.0 Transmutations
 + Level 8.7 Fire Magic
 + Level 8.7 Ice Magic
 + Level 8.7 Air Magic
 + Level 10.3 Earth Magic
 + Level 8.7 Poison Magic
 + Level 11.2 Invocations
 + Level 10.3 Evocations


You had 6 spell levels left.
You knew the following spells:

 Your Spells              Type           Power      Damage    Failure   Level
a - Sandblast             Erth           100%       2d20      1%          1
c - Freezing Cloud        Conj/Ice/Air   32%        6-21      2%          5
g - Stone Arrow           Conj/Erth      100%       3d13      1%          3
l - Summon Lightning Spi  Summ/Air       65%        N/A       1%          4
p - Petrify               Tmut/Erth      69%        N/A       1%          4
q - Airstrike             Air            32%        N/A       1%          4
t - Teleport Other        Tloc           65%        N/A       1%          3
v - Borgnjor's Vile Clut  Necr/Erth      34%        N/A       1%          5
w - Passwall              Tmut/Erth      57%        N/A       1%          2

Your spell library contained the following spells:

 Spells                   Type           Power      Damage    Failure   Level
 Ensorcelled Hibernation  Hex/Ice        100%       N/A       1%          2
 Gell's Gravitas          Tloc           65%        N/A       1%          3
 Ignite Poison            Fire/Tmut/Pois 66%        N/A       1%          3
 Mephitic Cloud           Conj/Pois/Air  65%        N/A       1%          3
 Spider Form              Tmut/Pois      66%        N/A       1%          3
 Anguish                  Hex/Necr       32%        N/A       1%          4
 Alistair's Intoxication  Tmut/Pois      44%        N/A       1%          5
 Iskenderun's Battlesphe  Conj           65%        2d11      2%          5
 Lightning Bolt           Conj/Air       32%        1d50      2%          5
 Metabolic Englaciation   Hex/Ice        32%        N/A       2%          5
 Iron Shot                Conj/Erth      34%        9d7       9%          6
 Statue Form              Tmut/Erth      46%        N/A       9%          6
 Dispersal                Tloc           32%        N/A       12%         6
 Eringya's Noxious Bog    Tmut/Pois      33%        N/A       12%         6
 Malign Gateway           Summ/Tloc      32%        N/A       56%         7
 Spellforged Servitor     Conj/Summ      32%        N/A       56%         7
 Summon Horrible Things   Summ           32%        N/A       99%         8


Dungeon Overview and Level Annotations

Branches:
Dungeon (10/15)            Temple (1/1) D:5            Lair (6/6) D:8
  Swamp (0/4) Lair:2        Snake (3/4) Lair:2        Slime (0/5) Lair:6
    Orc (2/2) D:9             Elf (0/3) Orc:2        Bailey (visited)

Altars:
Ashenzari
Cheibriados
Dithmenos
Elyvilon
Fedhas
Gozag
Hepliaklqana
Kikubaaqudgha
Makhleb
Nemelex Xobeh
Okawaru
Qazlal
Ru
Sif Muna
Trog
Uskayaw
Vehumet
Wu Jian
Xom
Yredelemnul
Zin
The Shining One
Beogh

Shops:
D:1 :   D:3 !   D:6 [   D:8 [   D:9 (   D:10 ((   Orc:1 *   Orc:2 *[!!*:*(

Annotations:
D:2 Sigmund
D:6 exclusion: statue
Lair:6 1 runed translucent door, Rety's ghost, journeyman DDAK
Orc:1 1 transporter


Innate Abilities, Weirdness & Mutations

You have very sharp teeth.
Your uncanny sense of smell can sniff out nearby items.
Your experience applies equally to all skills.


Message History

The naga warrior blinks!
The anaconda blinks!
The naga warrior hits you with a +0 dire flail!!!
The anaconda misses you. The anaconda constricts you.
The guardian serpent barely misses you.
You escape the anaconda's grasp.
The anaconda barely misses you. x2
The anaconda completely misses you.
The anaconda bites you but does no damage.
The anaconda grabs you. The anaconda completely misses you.
The anaconda constricts you. The anaconda completely misses you.
The guardian serpent coils itself and waves its upper body at you.
The bolt of poison misses you.
The bolt of poison hits your lightning spire.
Your lightning spire completely resists.
The anaconda completely misses you. The anaconda closely misses you.
The anaconda constricts you. The naga warrior spits poison at you.
The splash of poison misses you.
The splash of poison hits the anaconda!
The anaconda is poisoned.
The anaconda bites you but does no damage.
The anaconda constricts you. The naga warrior closely misses you.
The naga warrior hits you with a +0 short sword!!
The anaconda misses you. The anaconda constricts you.
The anaconda grabs your lightning spire.
The anaconda bites your lightning spire!
The anaconda constricts your lightning spire.
The naga warrior hits you with a +0 dire flail!
The anaconda's grasp on you weakens, but your attempt to escape fails.
The guardian serpent completely misses you.
The anaconda misses you. The anaconda constricts you.
The anaconda bites your lightning spire but does no damage.
The anaconda constricts your lightning spire.
The anaconda barely misses you. The anaconda constricts you.
* * * LOW HITPOINT WARNING * * *
The naga warrior hits you with a +0 short sword!!
* * * LOW HITPOINT WARNING * * *
The guardian serpent closely misses you.
The anaconda bites your lightning spire!!
The anaconda constricts your lightning spire.
The naga warrior hits you with a +0 dire flail!!
You die...

##..........#
##...........#
##............#
##..........<..#
#..)...........#
##...)!.........#
##...............#
#...°..S.N.......#
#......NS@S.......#
.........N.8......#
..................#
.[..............
................
................
................
...............


You could see 3 naga warriors, 2 anacondas, a guardian serpent (ally target) and
a friendly lightning spire (summoned).

Vanquished Creatures
  Nikola (Snake:2)
  Kirke (Lair:4)
  Aizul (Snake:2)
  Snorg (Lair:5)
  2 naga warriors
  2 hydras
  2 anacondas
  A centaur warrior (Orc:2)
  A catoblepas (Lair:5)
  3 shock serpents
  A goliath frog (Lair:6)
  2 orc knights (Orc:2)
  3 mana vipers (Snake:1)
  2 salamanders (Snake:2)
  8 elephants
  8 black mambas
  A torpor snail (Lair:3)
  4 naga magi
  2 gargoyles
  10 cane toads
  A komodo dragon (Lair:1)
  Psyche (D:8)
  7 rime drakes
  2 polar bears (Lair:3)
  A tyrant leech (Lair:6)
  13 blink frogs
  2 wraiths (Lair:4)
  39 yaks
  3 wyverns
  4 vampire mosquitoes (Lair:6)
  6 steam dragons
  2 wargs (Orc:1)
  Edmund (D:5)
  9 nagas
  9 water moccasins
  A black bear (D:8)
  2 ice beasts (D:6)
  20 orc warriors
  A sky beast (D:7)
  2 ogres
  12 wolves
  11 centaurs
  3 kobold brigands
  18 bullfrogs
  6 scorpions
  A gnoll sergeant (Bailey)
  2 wyvern skeletons
  6 killer bees (D:7)
  10 wights
  An electric eel (Lair:6)
  A bullfrog zombie (D:5)
  2 hounds
  4 jellies
  3 centaur zombies
  11 orc priests
  5 bullfrog skeletons
  2 gnoll shamans (Bailey)
  2 centaur skeletons
  2 iguanas
  9 orc wizards
  5 adders
  7 gnolls
  A white imp (D:7)
  2 worms
  8 dart slugs
  62 orcs
  7 bats
  8 endoplasms
  2 giant cockroaches
  8 goblins
  12 hobgoblins
  2 jackals (D:1)
  7 quokkas
  6 ball pythons
  2 frilled lizards
  21 kobolds
  7 rats
460 creatures vanquished.

Vanquished Creatures (collateral kills)
  A nagaraja (Snake:2)
  Josephine (Lair:4)
  2 naga warriors
  A hydra (Lair:3)
  An anaconda (Snake:1)
  3 death yaks (Lair:3)
  A goliath frog (Lair:6)
  A salamander mystic (Snake:2)
  A naga ritualist (Snake:1)
  A swamp dragon (Lair:2)
  3 orc knights
  2 mana vipers
  A manticore (Lair:6)
  4 salamanders
  8 elephants
  4 naga magi
  A torpor snail (Lair:4)
  A guardian serpent (Snake:2)
  9 black mambas
  6 cane toads
  6 rime drakes
  4 komodo dragons
  4 polar bears
  A troll (Orc:2)
  A tyrant leech (Lair:6)
  2 dream sheep (Lair:3)
  14 blink frogs
  3 wraiths (Lair:4)
  2 wyverns
  A hog (Lair:4)
  2 basilisks
  12 yaks
  6 steam dragons (Lair:2)
  Grum (Bailey)
  A vampire mosquito (Lair:6)
  7 nagas
  3 water moccasins
  12 orc warriors
  5 wolves
  3 ogres
  3 centaurs (Orc:2)
  5 bullfrogs
  5 gnoll sergeants (Bailey)
  A jelly (Lair:6)
  A hound (Bailey)
  2 orc priests (Orc:2)
  4 gnoll shamans (Bailey)
  An iguana (Lair:2)
  An orc wizard (Orc:1)
  6 gnolls (Bailey)
  A nameless horror (Lair:3)
  26 orcs
  2 endoplasms (Lair:6)
200 creatures vanquished.

Vanquished Creatures (others)
  A rime drake (Lair:2)
  A yak (Lair:4)
  2 humans (Lair:4)
  2 orc warriors (Orc:2)
  2 orcs (Orc:2)
  93 fungi
  125 plants
  3 toadstools (D:8)
229 creatures vanquished.

Grand Total: 889 creatures vanquished

Notes
Turn   | Place    | Note
-------+----------+-------------------------------------------
     0 | D:1      | erker the Gnoll Earth Elementalist began the quest for the
                  | Orb.
     0 | D:1      | Reached XP level 1. HP: 13/13 MP: 6/6
   511 | D:1      | Found a faded altar of an unknown god.
   579 | D:1      | Reached XP level 2. HP: 9/19 MP: 5/7
  1097 | D:1      | Reached XP level 3. HP: 24/25 MP: 7/9
  1130 | D:1      | Reached skill level 5 in Spellcasting
  1228 | D:1      | Found Zuck's Book Shoppe.
  1661 | D:2      | Reached skill level 1 in Invocations
  1994 | D:2      | Learned a level 2 spell: Passwall
  2070 | D:2      | Reached skill level 1 in Fighting
  2070 | D:2      | Reached skill level 1 in Short Blades
  2070 | D:2      | Reached skill level 1 in Long Blades
  2070 | D:2      | Reached skill level 1 in Axes
  2070 | D:2      | Reached skill level 1 in Maces & Flails
  2070 | D:2      | Reached skill level 1 in Polearms
  2070 | D:2      | Reached skill level 1 in Staves
  2070 | D:2      | Reached skill level 1 in Slings
  2070 | D:2      | Reached skill level 1 in Bows
  2070 | D:2      | Reached skill level 1 in Crossbows
  2070 | D:2      | Reached skill level 1 in Throwing
  2070 | D:2      | Reached skill level 1 in Armour
  2070 | D:2      | Reached skill level 1 in Shields
  2070 | D:2      | Reached skill level 1 in Unarmed Combat
  2070 | D:2      | Reached skill level 1 in Evocations
  2070 | D:2      | Reached XP level 4. HP: 32/32 MP: 11/11
  2701 | D:2      | Noticed Sigmund
  3211 | D:3      | Reached skill level 1 in Conjurations
  3211 | D:3      | Reached skill level 1 in Hexes
  3211 | D:3      | Reached skill level 1 in Summonings
  3211 | D:3      | Reached skill level 1 in Necromancy
  3211 | D:3      | Reached skill level 1 in Translocations
  3211 | D:3      | Reached skill level 1 in Fire Magic
  3211 | D:3      | Reached skill level 1 in Ice Magic
  3211 | D:3      | Reached skill level 1 in Air Magic
  3211 | D:3      | Reached skill level 1 in Poison Magic
  3400 | D:3      | Reached XP level 5. HP: 23/37 MP: 5/12
  3799 | D:3      | Found Huexzoco's Distillery.
  3814 | D:3      | Bought a potion of degeneration for 14 gold pieces
  3815 | D:3      | Bought a potion of curing for 42 gold pieces
  3934 | D:3      | Found a blossoming altar of Fedhas.
  4557 | D:4      | Reached XP level 6. HP: 44/44 MP: 9/13
  4620 | D:4      | Found a broken altar of Ashenzari.
  4793 | D:4      | Reached skill level 5 in Dodging
  5146 | D:3      | Learned a level 3 spell: Stone Arrow
  5574 | D:4      | Found a hazy altar of Hepliaklqana.
  5713 | D:4      | Reached XP level 7. HP: 50/50 MP: 13/15
  6013 | D:5      | Entered Level 5 of the Dungeon
  6546 | D:5      | Found a staircase to the Ecumenical Temple.
  6559 | Temple   | Entered the Ecumenical Temple
  6628 | Temple   | Became a worshipper of Cheibriados the Contemplative
  6745 | D:5      | Noticed Edmund
  6906 | D:5      | Reached skill level 5 in Stealth
  7093 | D:5      | Killed Edmund
  7221 | D:5      | Reached XP level 8. HP: 35/57 MP: 16/16
  7826 | D:6      | Found a radiant altar of Vehumet.
  7954 | D:5      | Reached * piety under Cheibriados
  8318 | D:6      | Found Indra's Dragon-Slaying Spoils.
  8435 | D:6      | You are sucked into a shaft and drop 3 floors!
  8479 | D:9      | Learned a level 3 spell: Teleport Other
  8561 | D:9      | HP: 2/58 [centaur/arrow (14)]
  8904 | D:9      | Found Beajeur's Weapon Emporium.
  8971 | D:9      | Noticed a wyvern
  9106 | D:8      | Noticed Psyche
  9145 | D:9      | Found a stormy altar of Qazlal.
  9291 | D:7      | Reached XP level 9. HP: 65/65 MP: 14/18
  9759 | D:6      | Reached ** piety under Cheibriados
 10811 | D:7      | Learned a level 4 spell: Petrify
 11168 | D:8      | Reached skill level 5 in Invocations
 11273 | D:8      | Noticed a gargoyle
 11280 | D:8      | Killed a gargoyle
 11360 | D:8      | Reached XP level 10. HP: 73/73 MP: 14/20
 11389 | D:8      | Killed Psyche
 11390 | D:8      | Reached skill level 5 in Fighting
 11390 | D:8      | Reached skill level 5 in Short Blades
 11390 | D:8      | Reached skill level 5 in Long Blades
 11390 | D:8      | Reached skill level 5 in Axes
 11390 | D:8      | Reached skill level 5 in Maces & Flails
 11390 | D:8      | Reached skill level 5 in Polearms
 11390 | D:8      | Reached skill level 5 in Staves
 11390 | D:8      | Reached skill level 5 in Slings
 11390 | D:8      | Reached skill level 5 in Bows
 11390 | D:8      | Reached skill level 5 in Crossbows
 11390 | D:8      | Reached skill level 5 in Throwing
 11390 | D:8      | Reached skill level 5 in Armour
 11390 | D:8      | Reached skill level 5 in Shields
 11390 | D:8      | Reached skill level 5 in Unarmed Combat
 11390 | D:8      | Reached skill level 5 in Evocations
 11624 | D:8      | Found a bloodstained altar of Trog.
 11635 | D:8      | Reached *** piety under Cheibriados
 12073 | D:8      | Found Exokhomi's Armour Shop.
 12120 | D:8      | Found a staircase to the Lair.
 12685 | D:9      | Reached skill level 5 in Transmutations
 12781 | D:9      | Found a staircase to the Orcish Mines.
 13233 | D:10     | Entered Level 10 of the Dungeon
 13252 | D:10     | Reached **** piety under Cheibriados
 13260 | D:10     | Noticed a gargoyle
 13266 | D:10     | Killed a gargoyle
 13312 | D:10     | Found a flagged portal.
 13396 | D:10     | Learned a level 4 spell: Airstrike
 13401 | D:10     | Learned a level 4 spell: Summon Lightning Spire
 13426 | Bailey   | Entered a bailey
 13518 | Bailey   | Reached XP level 11. HP: 64/81 MP: 18/22
 13608 | Bailey   | Noticed Grum
 13616 | Bailey   | Reached ***** piety under Cheibriados
 13620 | Bailey   | Killed Grum
 13621 | Bailey   | Reached skill level 5 in Conjurations
 13621 | Bailey   | Reached skill level 5 in Hexes
 13621 | Bailey   | Reached skill level 5 in Summonings
 13621 | Bailey   | Reached skill level 5 in Necromancy
 13621 | Bailey   | Reached skill level 5 in Translocations
 13621 | Bailey   | Reached skill level 5 in Fire Magic
 13621 | Bailey   | Reached skill level 5 in Ice Magic
 13621 | Bailey   | Reached skill level 5 in Air Magic
 13621 | Bailey   | Reached skill level 5 in Poison Magic
 13646 | Bailey   | Found the +4 moon troll leather armour {Spirit, Regen++
                  | MP+5}
 14145 | D:10     | Found Hufaeg's Weapon Shoppe.
 14235 | D:10     | Found Vavew's Antique Weapon Emporium.
 14244 | D:10     | Bought a masterwork great sword for 356 gold pieces
 14244 | D:10     | Identified the +12 great sword "Newtslayer" {holy, rC+}
                  | (You bought it in a shop on level 10 of the Dungeon)
 14299 | D:10     | Found a basalt altar of Yredelemnul.
 14405 | Lair:1   | Entered Level 1 of the Lair of Beasts
 14674 | Lair:1   | Identified the amulet "Hanearghah" {RegenMP +Blink Regen+
                  | Int-4 Dex+4}
 15327 | Lair:2   | Reached XP level 12. HP: 84/89 MP: 7/24
 15327 | Lair:2   | Reached ****** piety under Cheibriados
 15414 | Lair:2   | Found a staircase to the Swamp.
 15508 | Lair:2   | Found a staircase to the Snake Pit.
 16205 | Lair:3   | Noticed a death yak
 16206 | Lair:3   | Noticed a death yak
 16358 | Lair:3   | Noticed a death yak
 16530 | Lair:3   | Noticed a seven-headed hydra
 16538 | Lair:3   | Killed a seven-headed hydra
 16539 | Lair:3   | Reached XP level 13. HP: 92/98 MP: 26/26
 17178 | Lair:4   | Noticed Kirke
 17195 | Lair:4   | Killed Kirke
 17466 | Lair:4   | Noticed Josephine
 17469 | Lair:4   | Killed Josephine
 17470 | Lair:4   | Reached skill level 10 in Spellcasting
 17858 | Lair:4   | Reached skill level 10 in Dodging
 17923 | Lair:4   | Reached XP level 14. HP: 106/106 MP: 28/28
 18328 | Lair:5   | Noticed Snorg
 18337 | Lair:5   | Killed Snorg
 18338 | Lair:5   | Reached skill level 10 in Stealth
 18521 | Lair:5   | Identified the +8 shortbow of Mandamus {flame, Str+2}
 19440 | Lair:6   | Entered Level 6 of the Lair of Beasts
 19556 | Lair:6   | Reached skill level 10 in Invocations
 19628 | Lair:6   | Found a runed translucent door.
 19630 | Lair:6   | Noticed Rety's ghost (journeyman DDAK)
 20031 | Lair:6   | Found a staircase to the Slime Pits.
 20766 | Orc:1    | Entered Level 1 of the Orcish Mines
 20925 | Orc:1    | Noticed an orc warlord
 20927 | Orc:1    | Noticed a stone giant
 20983 | Orc:1    | Found a transporter.
 21090 | Orc:1    | Found Coangikk's CLEARANCE SALE!.
 21098 | Orc:1    | Bought a potion of mutation for 40 gold pieces
 21098 | Orc:1    | Bought a scroll of summoning for 47 gold pieces
 21201 | Orc:2    | Entered Level 2 of the Orcish Mines
 21308 | Orc:2    | Learned a level 5 spell: Borgnjor's Vile Clutch
 21356 | Orc:2    | Found a staircase to the Elven Halls.
 21398 | Orc:2    | Found Apteez's Antique Weapon Shoppe.
 21428 | Orc:2    | Found Dazudda's Distillery.
 21435 | Orc:2    | Bought a potion of lignification for 48 gold pieces
 21435 | Orc:2    | Bought a potion of attraction for 48 gold pieces
 21456 | Orc:2    | Found Ythruyg's Armour Shoppe.
 21585 | Orc:2    | Found Koawaoph's Assorted Antiques.
 21585 | Orc:2    | Found Xaomivvi's Book Shop.
 21585 | Orc:2    | Found Bitascho's Assorted Antiques.
 21587 | Orc:2    | Found Neite's Distillery.
 21600 | Orc:2    | Bought a Trismegistus Codex for 336 gold pieces
 21606 | Orc:2    | Learned a level 5 spell: Freezing Cloud
 21695 | Orc:2    | Found Zuil's Assorted Antiques.
 21704 | Orc:2    | Bought a potion of curing for 96 gold pieces
 21943 | Orc:2    | Bought a dazzling flail for 297 gold pieces
 21943 | Orc:2    | Identified the +6 flail of Destraor {venom, rF+ SInv} (You
                  | bought it in a shop on level 2 of the Orcish Mines)
 22127 | Snake:1  | Entered Level 1 of the Snake Pit
 22131 | Snake:1  | Reached XP level 15. HP: 115/115 MP: 29/29
 22684 | Snake:1  | Reached skill level 10 in Earth Magic
 22722 | Snake:1  | Reached skill level 10 in Fighting
 22722 | Snake:1  | Reached skill level 10 in Short Blades
 22722 | Snake:1  | Reached skill level 10 in Long Blades
 22722 | Snake:1  | Reached skill level 10 in Axes
 22722 | Snake:1  | Reached skill level 10 in Maces & Flails
 22722 | Snake:1  | Reached skill level 10 in Polearms
 22722 | Snake:1  | Reached skill level 10 in Staves
 22722 | Snake:1  | Reached skill level 10 in Slings
 22722 | Snake:1  | Reached skill level 10 in Bows
 22722 | Snake:1  | Reached skill level 10 in Crossbows
 22722 | Snake:1  | Reached skill level 10 in Throwing
 22722 | Snake:1  | Reached skill level 10 in Armour
 22722 | Snake:1  | Reached skill level 10 in Shields
 22722 | Snake:1  | Reached skill level 10 in Unarmed Combat
 22722 | Snake:1  | Reached skill level 10 in Evocations
 23311 | Snake:2  | Noticed a nagaraja
 23317 | Snake:2  | Killed a nagaraja
 23419 | Snake:2  | Noticed Aizul
 23426 | Snake:2  | Killed Aizul
 24196 | Snake:2  | Noticed Nikola
 24203 | Snake:2  | Identified a scroll of acquirement
 24217 | Snake:2  | Killed Nikola
 24316 | Snake:3  | Demolished by a naga warrior

Illustrated notes

Levels and vault maps discovered:
D:1:      psy_arrival_fountain, layout_loops_ring, basic_ecumenical_altar,
          serial_shops, nicolae_lakefront_shop, chequers_serial_rivers_large_b,
          st_stairs_3
D:2:      minmay_door_path, layout_loops_ring, uniq_sigmund
D:3:      layout_basic, mainiacjoe_overflow_alcove_4, serial_shops, shop
D:4:      layout_basic, ashenzari_altar_1, kennysheep_little_box
D:5:      kennysheep_slugbush, layout_rooms, temple_hall,
          minmay_misc_feat_hallway, feat_on_display, uniq_edmund
D:6:      layout_rooms, vehumet_statue, nicolae_shop_dragon_depot
D:7:      layout_basic, minmay_misc_feat_room
D:8:      layout_layer_cave, mainiacjoe_overflow_chevrons,
          grunt_lair_entry_orc_guard_hut, serial_shops, shop, minivault_1,
          minmay_gold_behind_fungi, uniq_psyche
D:9:      layout_irregular_city, amcnicky_altar_gilded, david_orc_3,
          serial_shops, nicolae_shop_trees
D:10:     layout_big_octagon, yredelemnul_altar_generic, enter_bailey_3,
          serial_shops, nicolae_square_shop, shop, chequers_hall_statues_y
Temple:   eino_wide_crystal_templ
Lair:1:   beast_lair_carwin_large_2, layout_gridlike
Lair:2:   lemuel_slime, layout_cave_pods, minmay_swamp_entry_reptiles,
          guppyfry_snake_entry_island, bobbens_dragon_lair_wall
Lair:3:   layout_chaotic_city, portal_ice_cave_entry_pillars_1,
          cheibrodos_lair_lostbears, grunt_megastairs_5,
          infiniplex_staircase_pool_2, serial_bayou_shore_b
Lair:4:   beast_lair_carwin_large_3, layout_loops_ring, ldierk_geyser,
          chequers_serial_rivers_micro_b, serial_bayou_crossing, uniq_kirke,
          uniq_josephine
Lair:5:   layout_small_grid, serial_bayou_pond_e, uniq_snorg
Lair:6:   minmay_lair_end_frog_pond, layout_hall_layers,
          nicolae_slime_entry_slimehenge, gammafunk_ghost_grave
Snake:1:  layout_cave_shapes, st_stairs_8, grunt_megastairs_3
Snake:2:  layout_grid_maze, uniq_aizul, uniq_nikola
Snake:3:  layout_layer_cave, corexii_hall_statues_x
Orc:1:    gammafunk_beogh_shrine, layout_caves, nicolae_shop_clearance
Orc:2:    st_orc_rangers, layout_caves, basic_altar, serial_shops,
          shop_fountains, shop, nicolae_diamond_shop, nicolae_square_shop,
          nicolae_orc_tapped_out

Skill      XL: |  1  2  3  4  5  6  7  8  9 10 11 12 13 14 15 |
---------------+----------------------------------------------+-----
Transmutations | 2 3 4 5 6 7 8 9 |  9.0
Spellcasting   | 5 6 7 8 9 10 11 | 11.5
Invocations    | 1 2 3 4 5 6 7 8 9 10 11 | 11.2
Fighting       | 1 2 3 4 5 6 7 8 9 10 | 10.3
Short Blades   | 1 2 3 4 5 6 7 8 9 10 | 10.3
Long Blades    | 1 2 3 4 5 6 7 8 9 10 | 10.3
Axes           | 1 2 3 4 5 6 7 8 9 10 | 10.3
Maces & Flails | 1 2 3 4 5 6 7 8 9 10 | 10.3
Polearms       | 1 2 3 4 5 6 7 8 9 10 | 10.3
Staves         | 1 2 3 4 5 6 7 8 9 10 | 10.3
Slings         | 1 2 3 4 5 6 7 8 9 10 | 10.3
Bows           | 1 2 3 4 5 6 7 8 9 10 | 10.3
Crossbows      | 1 2 3 4 5 6 7 8 9 10 | 10.3
Throwing       | 1 2 3 4 5 6 7 8 9 10 | 10.3
Armour         | 1 2 3 4 5 6 7 8 9 10 | 10.3
Shields        | 1 2 3 4 5 6 7 8 9 10 | 10.3
Unarmed Combat | 1 2 3 4 5 6 7 8 9 10 | 10.3
Evocations     | 1 2 3 4 5 6 7 8 9 10 | 10.3
Conjurations   | 1 2 3 4 5 6 7 8 |  8.7
Hexes          | 1 2 3 4 5 6 7 8 |  8.7
Summonings     | 1 2 3 4 5 6 7 8 |  8.7
Necromancy     | 1 2 3 4 5 6 7 8 |  8.7
Translocations | 1 2 3 4 5 6 7 8 |  8.7
Fire Magic     | 1 2 3 4 5 6 7 8 |  8.7
Ice Magic      | 1 2 3 4 5 6 7 8 |  8.7
Air Magic      | 1 2 3 4 5 6 7 8 |  8.7
Poison Magic   | 1 2 3 4 5 6 7 8 |  8.7
Dodging        | 5 6 7 8 9 10 11 | 11.3
Stealth        | 5 6 7 8 9 10 11 | 11.2
Earth Magic    | 6 7 8 9 10 | 10.3

Action                   |  1- 3 |  4- 6 |  7- 9 | 10-12 | 13-15 || total
-------------------------+-------+-------+-------+-------+-------++-------
Melee: Unarmed           |    29 |       |       |       |       ||    29
       Punch             |     2 |     6 |     2 |       |       ||    10
       Dagger            |    71 |   145 |    64 |       |    45 ||   325
       Bite              |    16 |    19 |    32 |    63 |   194 ||   324
       Flail             |       |       |   108 |   388 |   906 ||  1402
Throw: Boomerang         |       |     2 |     4 |     2 |    13 ||    21
 Cast: Sandblast         |    21 |    61 |    53 |     4 |       ||   139
       Stone Arrow       |       |     2 |    62 |    43 |    19 ||   126
       Passwall          |       |       |    12 |       |     3 ||    15
       Summon Lightning  |       |       |       |    37 |    87 ||   124
       Borgnjor's Vile C |       |       |       |       |     1 ||     1
       Freezing Cloud    |       |       |       |       |     9 ||     9
Evoke: Wand              |       |       |       |     5 |       ||     5
  Use: Potion            |       |       |     1 |       |       ||     1
       Scroll            |       |       |       |     8 |     5 ||    13
 Stab: Sleeping          |    11 |     6 |     3 |     3 |    10 ||    33
       Distracted        |       |       |       |    13 |    32 ||    45
Armor: Robe              |    11 |       |       |       |       ||    11
       Leather armour    |    12 |    27 |    45 |    29 |       ||   113
       Troll leather arm |       |       |       |   114 |   295 ||   409
Dodge: Dodged            |    58 |    77 |   188 |   733 |  1798 ||  2854
Block: Other             |     7 |    34 |     8 |       |       ||    49
       Reflection        |       |     1 |     2 |     6 |       ||     9
       Orb               |       |       |    52 |    56 |       ||   108
